Map: Bridgehead LE (Void)

Players

wabbajack

  • Race: Zerg Zerg
  • League: Gold

JoKeR - Winner!

  • Race: Terran Terran
  • League: Silver

VOD

Have the link to the VOD?

Description

Time

  • Played on: July 21, 2015, 7:06 p.m.
  • Length: 9:35
Show
View Real Time Build Order
Export as new Build Order

wabbajack Zerg 

Build Orders: Hatch First 

Get SALT Encoding   

  12  0:01  Drone  
  13  0:19  Overlord  
  13  0:21  Drone  
  14  0:24  Extractor  
  14  0:25  Drone  
  15  0:31  Extractor  
  15  0:33  Drone, Extractor  
  16  0:42  Drone  
  17  0:56  Hatchery  
  16  1:00  Extractor  
  16  1:01  Drone  
  16  1:04  Drone  
  17  1:14  Drone  
  18  1:24  Spawning Pool  
  17  1:29  Drone  
  18  1:35  Drone  
  19  1:47  Drone  
  20  2:00  Overlord  
  20  2:11  Queen  
  20  2:12  Queen  
  20  2:13  Drone  
  20  2:14  Drone  
  26  2:19  Drone  
  26  2:20  Drone  
  28  2:27  Extractor  
  28  2:29  Drone  
  28  2:39  Roach Warren  
  27  2:56  Zergling x4  
  29  3:00  Metabolic Boost  
  29  3:03  Roach Warren  
  28  3:07  Drone  
  28  3:08  Drone x4  
  33  3:22  Baneling Nest  
  33  3:27  Overlord  
  33  3:28  Overlord  
  33  3:53  Roach x7  
  33  3:55  Roach  
  51  4:02  Roach  
  51  4:07  Extractor  
  51  4:09  Extractor  
  49  4:10  Drone  
  52  4:20  Pneumatized Carapace  
  52  4:29  Overlord x3  
  52  4:30  Baneling Nest  
  51  5:04  Zergling x6  
  51  5:05  Zergling x2  
  55  5:17  Zergling x26  
  55  5:18  Zergling x8  
  72  5:31  Spore Crawler  
  67  5:36  Spore Crawler  
  67  5:39  Spore Crawler x2, Drone  
  67  5:40  Drone x3  
  60  5:46  Baneling x4  
  34  7:14  Overlord x3  
  34  7:15  Overlord  
  33  7:17  Lair  
  33  7:19  Hatchery x2  
  33  7:20  Drone x6  
  35  7:23  Evolution Chamber x2  
  33  7:51  Spore Crawler  
  32  7:54  Drone  
  32  7:55  Drone x9  
  42  8:05  Queen  
  44  8:15  Extractor  
  44  8:16  Extractor  
  44  8:19  Hydralisk Den, Queen  
  43  8:22  Spire  
  43  8:27  Drone x2  
  44  8:29  Drone  
  44  8:30  Drone x2  
  37  8:49  Hydralisk  
  37  8:50  Hydralisk x7  
  37  8:53  Roach  
Show
View Real Time Build Order
Export as new Build Order

JoKeR Terran - Winner!

Build Orders: Liberator Opening, Mech 

Get SALT Encoding   

  12  0:02  SCV  
  13  0:14  SCV  
  13  0:18  Supply Depot  
  14  0:27  SCV  
  15  0:30  Refinery  
  15  0:39  SCV  
  16  0:46  Barracks  
  16  0:52  SCV  
  17  1:04  SCV  
  18  1:16  SCV  
  19  1:28  SCV  
  20  1:34  Supply Depot  
  20  1:38  Reaper  
  21  1:42  Orbital Command  
  21  2:05  Command Center  
  21  2:07  SCV  
  22  2:12  Barracks Reactor  
  22  2:19  SCV  
  23  2:29  Refinery  
  23  2:32  SCV, Factory  
  24  2:44  SCV  
  25  2:55  Marine  
  25  2:56  SCV, Marine  
  28  3:08  SCV  
  29  3:14  Supply Depot  
  29  3:20  SCV, Starport  
  29  3:25  SCV  
  31  3:27  Barracks Reactor  
  31  3:29  Hellion x2  
  31  3:33  SCV  
  36  3:34  Armory  
  36  3:35  Supply Depot  
  36  3:40  Orbital Command  
  36  3:49  SCV  
  36  3:51  Hellion x2  
  41  3:57  Liberator  
  41  4:01  Liberator  
  41  4:04  SCV  
  42  4:10  SCV  
  42  4:12  Hellion x2  
  42  4:16  SCV  
  51  4:21  Barracks Tech Lab  
  51  4:22  Refinery  
  54  4:27  SCV, Refinery  
  54  4:28  SCV  
  56  4:39  SCV  
  56  4:40  SCV  
  56  4:45  Factory  
  58  4:51  SCV  
  59  4:52  SCV, Supply Depot  
  59  4:57  Liberator  
  60  5:03  SCV  
  60  5:05  SCV  
  62  5:14  Hellion x2  
  62  5:15  SCV  
  62  5:18  Supply Depot  
  70  5:22  Supply Depot  
  70  5:23  SCV  
  70  5:35  SCV x2  
  70  5:37  Hellion  
  70  5:40  Hellbat  
  68  5:55  Liberator  
  58  6:21  Hellbat x2  
  58  6:22  Siege Tank  
  58  6:23  SCV  
  66  6:25  Terran Vehicle Weapons Level 1  
  66  6:32  Factory x2  
  38  6:55  SCV x2  
  36  7:07  SCV x2  
  37  7:19  SCV x2  
  39  7:23  Command Center  
  39  7:24  Command Center  
  39  7:27  Siege Tank, Hellbat x2  
  46  7:31  SCV x2  
  46  7:33  Factory  
  48  7:43  SCV x2  
  50  7:44  Liberator x2  
  50  7:55  SCV x2  
  58  8:06  Hellbat x2  
  58  8:07  SCV x2  
  64  8:19  SCV x2  
  66  8:34  Liberator  
  66  8:35  Siege Tank, Hellbat x2  
  66  8:36  Hellbat  
  78  9:02  SCV x4  
  82  9:04  Hellbat x2  
  87  9:10  Hellion  
  87  9:14  SCV x2  
  89  9:17  Factory Tech Lab  
Tags
 
Add a new tag
Caveats
  • Supply blocks, unpowered buildings, or Contaminate may cause inaccurate times.
  • Supply counts are checked every 10 seconds.